Pittsburgh Penguins vs Vegas Golden Knights
Created - Wednesday, May 1, 2024 at 06:56
Goals
|
| Pittsburgh Penguins |
0 |
1 |
1 |
2 |
| Vegas Golden Knights |
2 |
2 |
0 |
4 |
|
Shots
|
| Pittsburgh Penguins |
16 |
7 |
7 |
30 |
| Vegas Golden Knights |
6 |
10 |
8 |
24 |
|
1st period
1. Vegas Golden Knights , Sean Monahan 18 (Chris Kreider 32) at 8:26
2. Vegas Golden Knights , Joe Pavelski 19 (Sean Monahan 22, Chris Kreider 33) at 19:37
Penalties :
Nathan Legare (VGK) for Slashing (Minor) at 1:33, Nathan Legare (VGK) for High sticking (Minor) at 5:29, Sean Monahan (VGK) for Holding Stick (Minor) at 8:33, Marc Staal (VGK) for Slashing (Minor) at 16:19
2nd period
3. Pittsburgh Penguins , Brian Dumoulin 1 (Mitchell Marner 28, Pavel Buchnevich 24) at 0:30
4. Vegas Golden Knights , Roman Josi 3 (Jack Roslovic 16, Nikolaj Ehlers 22) at 8:17 (PP)
5. Vegas Golden Knights , Sean Monahan 19 (Joe Pavelski 34, Shea Theodore 14) at 8:31
Penalties :
Mattias Ekholm (PIT) for Holding Stick (Minor) at 7:34, Tyler Bertuzzi (VGK) for Roughing (Double Minor) at 15:09
3rd period
6. Pittsburgh Penguins , Sam Reinhart 35 (Jean-Gabriel Pageau 29) at 2:22 (PP)
Penalties :
Sean Monahan (VGK) for Tripping (Minor) at 0:57, Erik Karlsson (PIT) for Holding (Minor) at 4:42, Erik Gudbranson (PIT) for Hooking (Minor) at 11:22, Ryan Suter (PIT) for Roughing (Minor) at 14:44
Goalie Stats
Akira Schmid (PIT), 20 saves from 24 shots - (0.833), L, 16-7-4, 60:00 minutes
Alexandar Georgiev (VGK), 28 saves from 30 shots - (0.933), W, 24-14-3, 60:00 minutes
Players Stats for Pittsburgh Penguins
Player Name G A P +/- PIM S H SB GA TA FO MP PP MP PK MP
------------------------------------------------------------------------------------
Anders Lee 0 0 0 0 0 1 4 0 1 0 0/1 17:25 5:26 0:00
Brian Dumoulin 1 0 1 1 0 2 1 0 1 0 0/0 23:18 5:46 2:57
Colton Sissons 0 0 0 0 0 1 1 0 0 0 0/0 5:27 0:00 0:00
Erik Gudbranson 0 0 0 -1 2 1 0 0 0 0 0/0 12:52 1:02 0:00
Erik Karlsson 0 0 0 -2 2 0 0 1 0 0 0/0 22:50 6:51 2:29
Gabriel Vilardi 0 0 0 0 0 2 0 0 0 0 0/1 7:03 1:16 0:00
J.J. Moser 0 0 0 -1 0 0 1 1 0 1 0/0 15:22 0:49 2:35
Jean-Gabriel Pageau 0 1 1 0 0 2 2 0 0 0 10/17 17:25 5:26 0:00
Jordan Eberle 0 0 0 -1 0 4 2 0 0 0 2/2 15:18 1:11 0:00
Leon Draisaitl 0 0 0 -1 0 3 1 0 0 0 15/27 22:07 6:33 3:20
Mattias Ekholm 0 0 0 -2 2 3 0 0 0 0 0/0 23:47 6:51 3:16
Mitchell Marner 0 1 1 -1 0 3 0 0 0 0 0/0 21:49 6:33 3:14
Pavel Buchnevich 0 1 1 -1 0 2 0 0 0 0 1/1 21:42 6:23 3:20
Phillip Danault 0 0 0 -1 0 1 1 0 1 0 5/8 10:40 0:00 0:13
Ryan Johansen 0 0 0 -1 0 2 1 0 3 0 1/1 10:02 0:09 0:00
Ryan Suter 0 0 0 1 2 1 1 0 1 0 0/0 22:44 5:46 2:03
Sam Reinhart 1 0 1 0 0 2 1 1 0 0 0/3 20:39 5:22 3:13
Tom Wilson 0 0 0 0 0 0 0 0 0 0 0/0 2:46 1:16 0:00
Players Stats for Vegas Golden Knights
Player Name G A P +/- PIM S H SB GA TA FO MP PP MP PK MP
------------------------------------------------------------------------------------
Alex Chiasson 0 0 0 0 0 1 0 0 0 0 0/0 9:38 2:31 0:00
Chris Kreider 0 2 2 2 0 4 0 1 1 1 0/2 21:37 3:17 5:51
Jack Roslovic 0 1 1 0 0 4 0 2 0 0 3/4 13:29 3:22 0:00
Joe Pavelski 1 1 2 2 0 1 1 0 0 0 0/1 17:05 3:17 1:24
John Marino 0 0 0 1 0 0 0 1 0 0 0/0 19:03 0:00 6:30
Jordan Staal 0 0 0 0 0 0 1 0 0 1 4/13 15:40 0:00 5:11
Marc Staal 0 0 0 1 2 1 1 2 0 2 0/0 19:01 1:08 5:30
Marc-Edouard Vlasic 0 0 0 0 0 0 0 3 0 1 1/1 15:44 0:18 6:16
Maxime Comtois 0 0 0 0 0 0 3 2 0 0 0/0 11:28 3:23 1:01
Nathan Legare 0 0 0 0 4 0 0 0 0 0 0/1 7:11 0:00 0:00
Nikolaj Ehlers 0 1 1 0 0 0 1 0 0 0 0/1 13:27 3:13 0:00
Reilly Smith 0 0 0 0 0 3 2 0 0 1 0/0 16:15 3:07 2:22
Roman Josi 1 0 1 1 0 1 2 3 0 1 0/0 21:20 3:01 0:34
Sean Couturier 0 0 0 0 0 1 1 1 0 0 8/19 16:46 0:01 6:28
Sean Monahan 2 1 3 2 4 3 2 0 0 0 10/18 17:05 0:20 4:23
Shea Theodore 0 1 1 1 0 2 1 1 0 0 0/0 22:08 2:31 1:20
Travis Hamonic 0 0 0 0 0 0 0 0 0 0 0/0 15:45 0:00 6:30
Tyler Bertuzzi 0 0 0 0 4 3 2 0 0 0 1/1 13:52 3:51 0:00
3 Stars
1 - Sean Monahan (VGK)
2 - Joe Pavelski (VGK)
3 - Roman Josi (VGK)
Power Play
Pittsburgh Penguins - 1 on 7 Attempt(s) - 14.29%
Vegas Golden Knights - 1 on 4 Attempt(s) - 25.00%
Penalty Kill
Pittsburgh Penguins - 3 on 4 Attempt(s) - 75.00%
- Score 0 goal in Penalty Kill
Vegas Golden Knights - 6 on 7 Attempt(s) - 85.71%
- Score 0 goal in Penalty Kill
Team Stat
Pittsburgh Penguins - Hits : 16 - Faceoff Wins : 34 - Blocked Shots : 3 - Penalty Minutes : 8
Vegas Golden Knights - Hits : 17 - Faceoff Wins : 27 - Blocked Shots : 16 - Penalty Minutes : 14
Official
Referees : Brad Watson and Dan O'Halloran
Linesman : Devin Berg and Andy McElman
Game Notes
No Game Note
Finance
Level 1 -- Attendance: 6000 (100.00%) -- Ticket Income $570,000
Level 2 -- Attendance: 4604 (92.08%) -- Ticket Income $253,220
Level 3 -- Attendance: 3000 (100.00%) -- Ticket Income $90,000
Level 4 -- Attendance: 4920 (98.40%) -- Ticket Income $98,400
Luxury Box -- Attendance: 1000 (100.00%) -- Ticket Income $190,000
Game was played at the T-Mobile Arena.
Total Attendance: 19524 (97.62%)
Total Ticket Income: $1,201,620
Other Income: $420,567
Total Income: $1,622,187
Pittsburgh Penguins
5 vs 5 Forward
Center Left Wing Right Wing Time % Phy DF OF
1 Leon Draisaitl Pavel Buchnevich Mitchell Marner 30 1 2 2
2 Jean-Gabriel Pageau Anders Lee Sam Reinhart 30 1 2 2
3 Phillip Danault Jordan Eberle Ryan Johansen 25 1 2 2
4 Colton Sissons Gabriel Vilardi Jordan Eberle 15 1 2 2
5 vs 5 Defense
Defense Defense Time % Phy DF OF
1 Erik Karlsson Mattias Ekholm 35 1 2 2
2 Ryan Suter Brian Dumoulin 35 1 2 2
3 Erik Gudbranson J.J. Moser 30 1 2 2
4 Erik Karlsson Mattias Ekholm 0 1 2 2
PowerPlay Forward
Center Left Wing Right Wing Time % Phy DF OF
1 Leon Draisaitl Pavel Buchnevich Mitchell Marner 50 1 2 2
2 Jean-Gabriel Pageau Anders Lee Sam Reinhart 50 1 2 2
PowerPlay Defense
Defense Defense Time % Phy DF OF
1 Erik Karlsson Mattias Ekholm 50 1 2 2
2 Ryan Suter Brian Dumoulin 50 1 2 2
Penalty Kill 4 Players Forward
Center Wing Time % Phy DF OF
1 Leon Draisaitl Mitchell Marner 50 1 2 2
2 Sam Reinhart Pavel Buchnevich 50 1 2 2
Penalty Kill 4 Players Defense
Defense Defense Time % Phy DF OF
1 Erik Karlsson Mattias Ekholm 50 1 2 2
2 Ryan Suter Brian Dumoulin 50 1 2 2
Penalty Kill - 3 Players Forward
Forward Time % Phy DF OF
1 Leon Draisaitl 50 1 2 2
2 Mitchell Marner 50 1 2 2
Penalty Kill - 3 Players Defense
Defense Defense Time % Phy DF OF
1 Erik Karlsson Mattias Ekholm 50 1 2 2
2 Ryan Suter Brian Dumoulin 50 1 2 2
4 vs 4 Forward
Center Wing Time % Phy DF OF
1 Leon Draisaitl Mitchell Marner 50 1 2 2
2 Sam Reinhart Pavel Buchnevich 50 1 2 2
4 vs 4 Defense
Defense Defense Time % Phy DF OF
1 Erik Karlsson Mattias Ekholm 50 1 2 2
2 Ryan Suter Brian Dumoulin 50 1 2 2
Last Minutes Offensive
Center Left Wing Right Wing Defense Defense
Leon Draisaitl Pavel Buchnevich Mitchell Marner Erik Karlsson Mattias Ekholm
Last Minutes Defensive
Center Left Wing Right Wing Defense Defense
Leon Draisaitl Pavel Buchnevich Mitchell Marner Erik Karlsson Mattias Ekholm
Goaltenders
Starting : Akira Schmid
Backup : Marc-Andre Fleury
Extra Forwards
Normal : Tom Wilson, Gabriel Vilardi, Phillip Danault - PP : Tom Wilson, Gabriel Vilardi - PK : Phillip Danault
Extra Defensemen
Normal : Erik Gudbranson, J.J. Moser, Ryan Suter - PP : Erik Gudbranson - PK : J.J. Moser, Ryan Suter
Penalty Shots
Leon Draisaitl, Mitchell Marner, Sam Reinhart, Pavel Buchnevich, Jean-Gabriel Pageau
Vegas Golden Knights
5 vs 5 Forward
Center Left Wing Right Wing Time % Phy DF OF
1 Sean Monahan Chris Kreider Joe Pavelski 35 1 2 2
2 Sean Couturier Nikolaj Ehlers Jack Roslovic 30 1 2 2
3 Jordan Staal Tyler Bertuzzi Reilly Smith 25 1 2 2
4 Nathan Legare Maxime Comtois Alex Chiasson 10 1 2 2
5 vs 5 Defense
Defense Defense Time % Phy DF OF
1 Roman Josi Shea Theodore 35 1 2 2
2 Marc Staal John Marino 30 1 2 2
3 Marc-Edouard Vlasic Travis Hamonic 25 1 2 2
4 Roman Josi Shea Theodore 10 1 2 2
PowerPlay Forward
Center Left Wing Right Wing Time % Phy DF OF
1 Joe Pavelski Chris Kreider Reilly Smith 50 1 2 2
2 Jack Roslovic Maxime Comtois Nikolaj Ehlers 50 1 2 2
PowerPlay Defense
Defense Defense Time % Phy DF OF
1 Tyler Bertuzzi Roman Josi 50 1 2 2
2 Alex Chiasson Shea Theodore 50 1 2 2
Penalty Kill 4 Players Forward
Center Wing Time % Phy DF OF
1 Sean Couturier Sean Monahan 50 1 2 2
2 Jordan Staal Chris Kreider 50 1 2 2
Penalty Kill 4 Players Defense
Defense Defense Time % Phy DF OF
1 John Marino Travis Hamonic 50 1 2 2
2 Marc-Edouard Vlasic Marc Staal 50 1 2 2
Penalty Kill - 3 Players Forward
Forward Time % Phy DF OF
1 Sean Couturier 50 1 2 2
2 Jordan Staal 50 1 2 2
Penalty Kill - 3 Players Defense
Defense Defense Time % Phy DF OF
1 John Marino Travis Hamonic 50 1 2 2
2 Marc-Edouard Vlasic Marc Staal 50 1 2 2
4 vs 4 Forward
Center Wing Time % Phy DF OF
1 Joe Pavelski Chris Kreider 50 1 2 2
2 Jack Roslovic Alex Chiasson 50 1 2 2
4 vs 4 Defense
Defense Defense Time % Phy DF OF
1 Roman Josi Shea Theodore 50 1 2 2
2 Marc-Edouard Vlasic John Marino 50 1 2 2
Last Minutes Offensive
Center Left Wing Right Wing Defense Defense
Joe Pavelski Chris Kreider Nikolaj Ehlers Roman Josi John Marino
Last Minutes Defensive
Center Left Wing Right Wing Defense Defense
Jordan Staal Chris Kreider Sean Monahan Marc Staal Travis Hamonic
Goaltenders
Starting : Alexandar Georgiev
Backup : Philipp Grubauer
Extra Forwards
Normal : Reilly Smith, Joe Pavelski, Chris Kreider - PP : Sean Monahan, Sean Couturier - PK : Reilly Smith
Extra Defensemen
Normal : John Marino, Roman Josi, Shea Theodore - PP : Marc Staal - PK : Shea Theodore, Roman Josi
Penalty Shots
Jack Roslovic, Sean Monahan, Joe Pavelski, Chris Kreider, Maxime Comtois
% Time on Ice - Pittsburgh Penguins
Lines # - Real PCT - Wanted PCT - Time Play
Normal Forward
1 - 31% - 30% - 12:35
2 - 30% - 30% - 12:05
3 - 25% - 25% - 9:53
4 - 14% - 15% - 5:27
Normal Defense
1 - 35% - 35% - 14:00
2 - 36% - 35% - 14:35
3 - 29% - 30% - 11:25
4 - 0% - 0% - 0:00
PP Forward
1 - 53% - 50% - 7:07
2 - 47% - 50% - 6:13
PP Defense
1 - 51% - 50% - 6:51
2 - 49% - 50% - 6:29
PK Forward
1 - 50% - 50% - 3:20
2 - 50% - 50% - 3:20
PK Defense
1 - 56% - 50% - 3:43
2 - 44% - 50% - 2:57
PK3 Forward
1 - 0% - 50%
2 - 0% - 50%
PK3 Defense
1 - 0% - 50%
2 - 0% - 50%
44 Forward
1 - 0% - 50%
2 - 0% - 50%
44 Defense
1 - 0% - 50%
2 - 0% - 50%
Last Minute Offensive - 0:00
Last Minute Defensive - 0:00
Total
Forward - 60:00
Defense - 60:00
|
% Time on Ice - Vegas Golden Knights
Lines # - Real PCT - Wanted PCT - Time Play
Normal Forward
1 - 31% - 35% - 12:23
2 - 28% - 30% - 11:01
3 - 25% - 25% - 9:48
4 - 17% - 10% - 6:48
Normal Defense
1 - 38% - 35% - 15:09
2 - 33% - 30% - 13:00
3 - 23% - 25% - 9:10
4 - 7% - 10% - 2:41
PP Forward
1 - 49% - 50% - 3:17
2 - 51% - 50% - 3:23
PP Defense
1 - 62% - 50% - 4:09
2 - 38% - 50% - 2:31
PK Forward
1 - 52% - 50% - 6:53
2 - 48% - 50% - 6:27
PK Defense
1 - 53% - 50% - 7:04
2 - 47% - 50% - 6:16
PK3 Forward
1 - 0% - 50%
2 - 0% - 50%
PK3 Defense
1 - 0% - 50%
2 - 0% - 50%
44 Forward
1 - 0% - 50%
2 - 0% - 50%
44 Defense
1 - 0% - 50%
2 - 0% - 50%
Last Minute Offensive - 0:00
Last Minute Defensive - 0:00
Total
Forward - 60:00
Defense - 60:00
|
Play-by-Play
1st period
0:01 of 1st period - Sean Monahan wins face-off versus Leon Draisaitl in neutral zone.
0:26 of 1st period - Roman Josi is hit by Jean-Gabriel Pageau.
0:52 of 1st period - Marc Staal is hit by Phillip Danault and loses puck.
1:01 of 1st period - Snap shot by Phillip Danault.
1:01 of 1st period - Shot Misses the Net.
1:15 of 1st period - Backhand shot by Gabriel Vilardi.
1:15 of 1st period - Stopped by Alexandar Georgiev without a rebound.
1:16 of 1st period - Jordan Eberle wins face-off versus Nathan Legare in Vegas Golden Knights zone.
1:25 of 1st period - Snap shot by Gabriel Vilardi.
1:25 of 1st period - Shot Blocked by Maxime Comtois.
1:27 of 1st period - Snap shot by Erik Gudbranson.
1:27 of 1st period - Shot Misses the Net.
1:33 of 1st period - Minor Penalty to Nathan Legare for Slashing.
1:34 of 1st period - Leon Draisaitl wins face-off versus Sean Couturier in Vegas Golden Knights zone.
1:35 of 1st period - Wrist shot by Mitchell Marner.
1:35 of 1st period - Shot Blocked by John Marino.
1:53 of 1st period - Snap shot by Chris Kreider.
1:53 of 1st period - Stopped by Akira Schmid with a rebound.
1:55 of 1st period - Slapshot by John Marino.
1:55 of 1st period - Shot Misses the Net.
1:57 of 1st period - Snap shot by Chris Kreider.
1:57 of 1st period - Shot Misses the Net.
3:33 of 1st period - Penalty to Nathan Legare is over, Nathan Legare is back on ice.
3:41 of 1st period - Snap shot by Ryan Johansen.
3:41 of 1st period - Deflect By Jordan Eberle.
3:41 of 1st period - Stopped by Alexandar Georgiev with a rebound.
3:47 of 1st period - Phillip Danault is hit by Reilly Smith and loses puck.
4:42 of 1st period - Snap shot by Gabriel Vilardi.
4:42 of 1st period - Shot Misses the Net.
5:18 of 1st period - Sam Reinhart is hit by Maxime Comtois and loses puck.
5:29 of 1st period - Minor Penalty to Nathan Legare for High sticking.
5:30 of 1st period - Leon Draisaitl wins face-off versus Sean Couturier in Vegas Golden Knights zone.
5:31 of 1st period - Backhand shot by Mitchell Marner.
5:31 of 1st period - Shot Misses the Net.
5:33 of 1st period - Snap shot by Ryan Suter.
5:33 of 1st period - Shot Misses the Net.
5:35 of 1st period - Wrist shot by Pavel Buchnevich.
5:35 of 1st period - Shot Blocked by Marc Staal.
5:37 of 1st period - Wrist shot by Mitchell Marner.
5:37 of 1st period - Shot Misses the Net.
5:57 of 1st period - Brian Dumoulin is hit by Marc Staal and loses puck.
6:04 of 1st period - Snap shot by Sam Reinhart.
6:04 of 1st period - Deflect By Anders Lee.
6:04 of 1st period - Shot Misses the Net.
6:04 of 1st period - Puck is out of play.
6:05 of 1st period - Jean-Gabriel Pageau wins face-off versus Jordan Staal in Vegas Golden Knights zone.
7:29 of 1st period - Penalty to Nathan Legare is over, Nathan Legare is back on ice.
7:44 of 1st period - Slapshot by Ryan Johansen.
7:44 of 1st period - Shot Blocked by Roman Josi.
7:46 of 1st period - Wrist shot by Jordan Eberle.
7:46 of 1st period - Deflect By Roman Josi.
7:46 of 1st period - Shot Misses the Net.
7:46 of 1st period - Puck is out of play.
7:47 of 1st period - Phillip Danault wins face-off versus Sean Couturier in Vegas Golden Knights zone.
7:52 of 1st period - Wrist shot by Erik Karlsson.
7:52 of 1st period - Shot Blocked by Roman Josi.
7:54 of 1st period - Slapshot by Mattias Ekholm.
7:54 of 1st period - Deflect By Nikolaj Ehlers.
7:54 of 1st period - Stopped by Alexandar Georgiev with a rebound.
7:56 of 1st period - Slapshot by Mattias Ekholm.
7:56 of 1st period - Stopped by Alexandar Georgiev with a rebound.
8:12 of 1st period - Sam Reinhart is hit by Sean Monahan and loses puck.
8:22 of 1st period - Off-side.
8:23 of 1st period - Sean Monahan wins face-off versus Leon Draisaitl in neutral zone.
8:26 of 1st period - Slapshot by Sean Monahan.
8:26 of 1st period - Goal by Sean Monahan - Pittsburgh Penguins : 0 - Vegas Golden Knights : 1.
8:27 of 1st period - Leon Draisaitl wins face-off versus Chris Kreider in neutral zone.
8:30 of 1st period - Wrist shot by Pavel Buchnevich.
8:30 of 1st period - Stopped by Alexandar Georgiev without a rebound.
8:31 of 1st period - Sean Monahan wins face-off versus Leon Draisaitl in Vegas Golden Knights zone.
8:33 of 1st period - Minor Penalty to Sean Monahan for Holding Stick.
8:34 of 1st period - Jean-Gabriel Pageau wins face-off versus Sean Couturier in Vegas Golden Knights zone.
10:33 of 1st period - Penalty to Sean Monahan is over, Sean Monahan is back on ice.
11:11 of 1st period - Slapshot by Mitchell Marner.
11:11 of 1st period - Stopped by Alexandar Georgiev without a rebound.
11:12 of 1st period - Sean Monahan wins face-off versus Jean-Gabriel Pageau in Vegas Golden Knights zone.
12:00 of 1st period - Wrist shot by Jean-Gabriel Pageau.
12:00 of 1st period - Stopped by Alexandar Georgiev without a rebound.
12:01 of 1st period - Jean-Gabriel Pageau wins face-off versus Nikolaj Ehlers in Vegas Golden Knights zone.
12:23 of 1st period - Off-side.
12:24 of 1st period - Phillip Danault wins face-off versus Sean Monahan in neutral zone.
12:33 of 1st period - Wrist shot by Phillip Danault.
12:33 of 1st period - Stopped by Alexandar Georgiev without a rebound.
12:34 of 1st period - Sean Monahan wins face-off versus Jean-Gabriel Pageau in Vegas Golden Knights zone.
12:49 of 1st period - Snap shot by Sean Monahan.
12:49 of 1st period - Shot Misses the Net.
13:09 of 1st period - Wrist shot by Mitchell Marner.
13:09 of 1st period - Deflect By Tyler Bertuzzi.
13:09 of 1st period - Shot Misses the Net.
13:09 of 1st period - Puck is out of play.
13:10 of 1st period - Leon Draisaitl wins face-off versus Sean Couturier in Vegas Golden Knights zone.
13:37 of 1st period - Marc-Edouard Vlasic is hit by Anders Lee and loses puck.
13:46 of 1st period - Slapshot by Sam Reinhart.
13:46 of 1st period - Stopped by Alexandar Georgiev without a rebound.
13:47 of 1st period - Phillip Danault wins face-off versus Jordan Staal in Vegas Golden Knights zone.
13:54 of 1st period - Snap shot by Tyler Bertuzzi.
13:54 of 1st period - Stopped by Akira Schmid with a rebound.
14:14 of 1st period - J.J. Moser is hit by Sean Monahan and loses puck.
14:21 of 1st period - Snap shot by Leon Draisaitl.
14:21 of 1st period - Stopped by Alexandar Georgiev without a rebound.
14:22 of 1st period - Sean Couturier wins face-off versus Jean-Gabriel Pageau in Vegas Golden Knights zone.
14:22 of 1st period - Sean Couturier is hit by Anders Lee.
14:34 of 1st period - Jack Roslovic is hit by Sam Reinhart and loses puck.
15:10 of 1st period - Shea Theodore is hit by Jordan Eberle and loses puck.
15:39 of 1st period - Wrist shot by Gabriel Vilardi.
15:39 of 1st period - Stopped by Alexandar Georgiev with a rebound.
15:41 of 1st period - Snap shot by Colton Sissons.
15:41 of 1st period - Stopped by Alexandar Georgiev with a rebound.
15:43 of 1st period - Slapshot by Ryan Suter.
15:43 of 1st period - Deflect By Maxime Comtois.
15:43 of 1st period - Stopped by Alexandar Georgiev without a rebound.
15:44 of 1st period - Sean Monahan wins face-off versus Leon Draisaitl in Vegas Golden Knights zone.
15:53 of 1st period - Slapshot by Sean Monahan.
15:53 of 1st period - Shot Misses the Net.
15:55 of 1st period - Slapshot by Sean Monahan.
15:55 of 1st period - Deflect By Chris Kreider.
15:55 of 1st period - Shot Misses the Net.
15:55 of 1st period - Puck is out of play.
15:56 of 1st period - Sean Monahan wins face-off versus Anders Lee in Pittsburgh Penguins zone.
16:07 of 1st period - Snap shot by Jean-Gabriel Pageau.
16:07 of 1st period - Shot Misses the Net.
16:09 of 1st period - Snap shot by Anders Lee.
16:09 of 1st period - Shot Misses the Net.
16:19 of 1st period - Minor Penalty to Marc Staal for Slashing.
16:20 of 1st period - Jean-Gabriel Pageau wins face-off versus Jordan Staal in Vegas Golden Knights zone.
16:37 of 1st period - Wrist shot by Sean Monahan.
16:37 of 1st period - Stopped by Akira Schmid without a rebound.
16:38 of 1st period - Leon Draisaitl wins face-off versus Jordan Staal in Pittsburgh Penguins zone.
16:51 of 1st period - Snap shot by Pavel Buchnevich.
16:51 of 1st period - Deflect By Leon Draisaitl.
16:51 of 1st period - Stopped by Alexandar Georgiev without a rebound.
16:52 of 1st period - Jean-Gabriel Pageau wins face-off versus Jordan Staal in Vegas Golden Knights zone.
17:05 of 1st period - Slapshot by Anders Lee.
17:05 of 1st period - Shot Misses the Net.
17:07 of 1st period - Snap shot by Jean-Gabriel Pageau.
17:07 of 1st period - Shot Misses the Net.
17:09 of 1st period - Slapshot by Jean-Gabriel Pageau.
17:09 of 1st period - Stopped by Alexandar Georgiev without a rebound.
17:10 of 1st period - Leon Draisaitl wins face-off versus Sean Monahan in Vegas Golden Knights zone.
18:19 of 1st period - Penalty to Marc Staal is over, Marc Staal is back on ice.
19:06 of 1st period - Jean-Gabriel Pageau is hit by Roman Josi and loses puck.
19:21 of 1st period - Snap shot by Mitchell Marner.
19:21 of 1st period - Stopped by Alexandar Georgiev without a rebound.
19:22 of 1st period - Jordan Staal wins face-off versus Leon Draisaitl in Vegas Golden Knights zone.
19:27 of 1st period - Snap shot by Jordan Staal.
19:27 of 1st period - Deflect By Erik Karlsson.
19:27 of 1st period - Shot Misses the Net.
19:27 of 1st period - Puck is out of play.
19:28 of 1st period - Sean Monahan wins face-off versus Leon Draisaitl in Pittsburgh Penguins zone.
19:37 of 1st period - Snap shot by Joe Pavelski.
19:37 of 1st period - Goal by Joe Pavelski - Pittsburgh Penguins : 0 - Vegas Golden Knights : 2.
19:38 of 1st period - Sean Couturier wins face-off versus Jean-Gabriel Pageau in neutral zone.
19:45 of 1st period - Backhand shot by Jack Roslovic.
19:45 of 1st period - Stopped by Akira Schmid without a rebound.
19:46 of 1st period - Jean-Gabriel Pageau wins face-off versus Sean Couturier in Pittsburgh Penguins zone.
Goals for this period are 0 for Pittsburgh Penguins vs 2 for Vegas Golden Knights.
Shots for this period are 16 for Pittsburgh Penguins vs 6 for Vegas Golden Knights.
2nd period
0:01 of 2nd period - Leon Draisaitl wins face-off versus Sean Monahan in neutral zone.
0:07 of 2nd period - Off-side.
0:08 of 2nd period - Leon Draisaitl wins face-off versus Sean Monahan in neutral zone.
0:20 of 2nd period - Snap shot by Leon Draisaitl.
0:20 of 2nd period - Shot Blocked by Chris Kreider.
0:28 of 2nd period - Snap shot by Mitchell Marner.
0:28 of 2nd period - Shot Misses the Net.
0:30 of 2nd period - Slapshot by Brian Dumoulin.
0:30 of 2nd period - Goal by Brian Dumoulin - Pittsburgh Penguins : 1 - Vegas Golden Knights : 2.
0:31 of 2nd period - Jean-Gabriel Pageau wins face-off versus Sean Couturier in neutral zone.
0:46 of 2nd period - Snap shot by Erik Karlsson.
0:46 of 2nd period - Shot Blocked by Sean Couturier.
1:00 of 2nd period - Snap shot by Chris Kreider.
1:00 of 2nd period - Shot Misses the Net.
2:04 of 2nd period - Icing by Brian Dumoulin.
2:05 of 2nd period - Sean Couturier wins face-off versus Gabriel Vilardi in Pittsburgh Penguins zone.
2:08 of 2nd period - Snap shot by Nikolaj Ehlers.
2:08 of 2nd period - Shot Misses the Net.
2:41 of 2nd period - Wrist shot by Nikolaj Ehlers.
2:41 of 2nd period - Deflect By Sean Couturier.
2:41 of 2nd period - Stopped by Akira Schmid with a rebound.
2:43 of 2nd period - Snap shot by Jack Roslovic.
2:43 of 2nd period - Stopped by Akira Schmid with a rebound.
3:39 of 2nd period - Slapshot by Joe Pavelski.
3:39 of 2nd period - Shot Misses the Net.
4:25 of 2nd period - Slapshot by Leon Draisaitl.
4:25 of 2nd period - Shot Misses the Net.
5:29 of 2nd period - Wrist shot by Ryan Johansen.
5:29 of 2nd period - Stopped by Alexandar Georgiev with a rebound.
6:28 of 2nd period - Icing by Marc-Edouard Vlasic.
6:29 of 2nd period - Sean Couturier wins face-off versus Jean-Gabriel Pageau in Vegas Golden Knights zone.
6:34 of 2nd period - Marc-Edouard Vlasic is hit by Anders Lee and loses puck.
7:29 of 2nd period - Slapshot by Chris Kreider.
7:29 of 2nd period - Stopped by Akira Schmid without a rebound.
7:30 of 2nd period - Jordan Staal wins face-off versus Jean-Gabriel Pageau in Pittsburgh Penguins zone.
7:34 of 2nd period - Minor Penalty to Mattias Ekholm for Holding Stick.
7:35 of 2nd period - Leon Draisaitl wins face-off versus Joe Pavelski in Pittsburgh Penguins zone.
7:45 of 2nd period - Snap shot by Chris Kreider.
7:45 of 2nd period - Shot Misses the Net.
8:15 of 2nd period - Snap shot by Jack Roslovic.
8:15 of 2nd period - Stopped by Akira Schmid with a rebound.
8:17 of 2nd period - Slapshot by Roman Josi.
8:17 of 2nd period - Goal by Roman Josi - Pittsburgh Penguins : 1 - Vegas Golden Knights : 3.
8:18 of 2nd period - Ryan Johansen wins face-off versus Sean Monahan in neutral zone.
8:31 of 2nd period - Slapshot by Sean Monahan.
8:31 of 2nd period - Goal by Sean Monahan - Pittsburgh Penguins : 1 - Vegas Golden Knights : 4.
8:32 of 2nd period - Jean-Gabriel Pageau wins face-off versus Sean Monahan in neutral zone.
8:42 of 2nd period - Wrist shot by Roman Josi.
8:42 of 2nd period - Shot Blocked by Sam Reinhart.
8:58 of 2nd period - Ryan Johansen is hit by Jordan Staal and loses puck.
9:05 of 2nd period - Slapshot by Reilly Smith.
9:05 of 2nd period - Shot Hit the Post.
9:07 of 2nd period - Wrist shot by Reilly Smith.
9:07 of 2nd period - Stopped by Akira Schmid without a rebound.
9:08 of 2nd period - Leon Draisaitl wins face-off versus Sean Monahan in Pittsburgh Penguins zone.
9:15 of 2nd period - Wrist shot by Leon Draisaitl.
9:15 of 2nd period - Stopped by Alexandar Georgiev without a rebound.
9:16 of 2nd period - Leon Draisaitl wins face-off versus Chris Kreider in Vegas Golden Knights zone.
9:21 of 2nd period - Snap shot by Mitchell Marner.
9:21 of 2nd period - Deflect By Roman Josi.
9:21 of 2nd period - Stopped by Alexandar Georgiev with a rebound.
10:56 of 2nd period - Snap shot by Pavel Buchnevich.
10:56 of 2nd period - Shot Misses the Net.
10:58 of 2nd period - Snap shot by Pavel Buchnevich.
10:58 of 2nd period - Stopped by Alexandar Georgiev without a rebound.
10:59 of 2nd period - Jean-Gabriel Pageau wins face-off versus Sean Couturier in Vegas Golden Knights zone.
11:30 of 2nd period - Wrist shot by Ryan Johansen.
11:30 of 2nd period - Stopped by Alexandar Georgiev without a rebound.
11:31 of 2nd period - Jordan Staal wins face-off versus Phillip Danault in Vegas Golden Knights zone.
11:56 of 2nd period - Mattias Ekholm is hit by Nikolaj Ehlers and loses puck.
12:08 of 2nd period - Wrist shot by Jack Roslovic.
12:08 of 2nd period - Shot Misses the Net.
12:10 of 2nd period - Snap shot by Sean Couturier.
12:10 of 2nd period - Deflect By Nikolaj Ehlers.
12:10 of 2nd period - Shot Misses the Net.
12:10 of 2nd period - Puck is out of play.
12:11 of 2nd period - Jordan Eberle wins face-off versus Jordan Staal in Pittsburgh Penguins zone.
12:16 of 2nd period - Wrist shot by Phillip Danault.
12:16 of 2nd period - Shot Misses the Net.
12:43 of 2nd period - Wrist shot by Jordan Eberle.
12:43 of 2nd period - Shot Misses the Net.
12:45 of 2nd period - Slapshot by J.J. Moser.
12:45 of 2nd period - Shot Blocked by Maxime Comtois.
13:12 of 2nd period - Off-side.
13:13 of 2nd period - Jordan Staal wins face-off versus Sam Reinhart in neutral zone.
13:22 of 2nd period - Slapshot by Tyler Bertuzzi.
13:22 of 2nd period - Stopped by Akira Schmid without a rebound.
13:23 of 2nd period - Jean-Gabriel Pageau wins face-off versus Jordan Staal in Pittsburgh Penguins zone.
13:28 of 2nd period - Snap shot by Reilly Smith.
13:28 of 2nd period - Shot Misses the Net.
14:22 of 2nd period - Wrist shot by Reilly Smith.
14:22 of 2nd period - Stopped by Akira Schmid with a rebound.
14:24 of 2nd period - Wrist shot by Tyler Bertuzzi.
14:24 of 2nd period - Stopped by Akira Schmid with a rebound.
14:40 of 2nd period - Wrist shot by Anders Lee.
14:40 of 2nd period - Shot Misses the Net.
15:09 of 2nd period - Double Minor Penalty to Tyler Bertuzzi for Roughing.
15:10 of 2nd period - Sean Couturier wins face-off versus Leon Draisaitl in Vegas Golden Knights zone.
15:19 of 2nd period - Slapshot by Mattias Ekholm.
15:19 of 2nd period - Stopped by Alexandar Georgiev without a rebound.
15:20 of 2nd period - Leon Draisaitl wins face-off versus Sean Couturier in Vegas Golden Knights zone.
15:21 of 2nd period - Slapshot by Mitchell Marner.
15:21 of 2nd period - Shot Blocked by Marc-Edouard Vlasic.
15:53 of 2nd period - Wrist shot by Sean Monahan.
15:53 of 2nd period - Shot Misses the Net.
16:05 of 2nd period - Snap shot by Chris Kreider.
16:05 of 2nd period - Shot Misses the Net.
16:48 of 2nd period - Ryan Suter is hit by Joe Pavelski and loses puck.
19:09 of 2nd period - Penalty to Tyler Bertuzzi is over, Tyler Bertuzzi is back on ice.
19:16 of 2nd period - Brian Dumoulin is hit by Maxime Comtois and loses puck.
19:37 of 2nd period - J.J. Moser is hit by Sean Couturier and loses puck.
Goals for this period are 1 for Pittsburgh Penguins vs 2 for Vegas Golden Knights.
Shots for this period are 7 for Pittsburgh Penguins vs 10 for Vegas Golden Knights.
3rd period
0:01 of 3rd period - Sean Monahan wins face-off versus Leon Draisaitl in neutral zone.
0:04 of 3rd period - Snap shot by Chris Kreider.
0:04 of 3rd period - Shot Misses the Net.
0:06 of 3rd period - Slapshot by Shea Theodore.
0:06 of 3rd period - Stopped by Akira Schmid with a rebound.
0:08 of 3rd period - Slapshot by Roman Josi.
0:08 of 3rd period - Shot Misses the Net.
0:10 of 3rd period - Slapshot by Shea Theodore.
0:10 of 3rd period - Stopped by Akira Schmid with a rebound.
0:12 of 3rd period - Wrist shot by Chris Kreider.
0:12 of 3rd period - Stopped by Akira Schmid with a rebound.
0:14 of 3rd period - Wrist shot by Chris Kreider.
0:14 of 3rd period - Stopped by Akira Schmid without a rebound.
0:15 of 3rd period - Sean Couturier wins face-off versus Phillip Danault in Pittsburgh Penguins zone.
0:45 of 3rd period - Snap shot by Leon Draisaitl.
0:45 of 3rd period - Shot Misses the Net.
0:47 of 3rd period - Snap shot by Mattias Ekholm.
0:47 of 3rd period - Shot Misses the Net.
0:49 of 3rd period - Slapshot by Mattias Ekholm.
0:49 of 3rd period - Shot Misses the Net.
0:51 of 3rd period - Slapshot by Mattias Ekholm.
0:51 of 3rd period - Shot Blocked by Roman Josi.
0:57 of 3rd period - Minor Penalty to Sean Monahan for Tripping.
0:58 of 3rd period - Sean Couturier wins face-off versus Jean-Gabriel Pageau in Vegas Golden Knights zone.
1:35 of 3rd period - Snap shot by Anders Lee.
1:35 of 3rd period - Shot Misses the Net.
1:37 of 3rd period - Slapshot by Brian Dumoulin.
1:37 of 3rd period - Shot Misses the Net.
1:39 of 3rd period - Slapshot by Brian Dumoulin.
1:39 of 3rd period - Deflect By Anders Lee.
1:39 of 3rd period - Stopped by Alexandar Georgiev with a rebound.
1:41 of 3rd period - Slapshot by Brian Dumoulin.
1:41 of 3rd period - Stopped by Alexandar Georgiev without a rebound.
1:42 of 3rd period - Leon Draisaitl wins face-off versus Jordan Staal in Vegas Golden Knights zone.
1:56 of 3rd period - Off-side.
1:57 of 3rd period - Leon Draisaitl wins face-off versus Sean Couturier in neutral zone.
2:22 of 3rd period - Snap shot by Sam Reinhart.
2:22 of 3rd period - Goal by Sam Reinhart - Pittsburgh Penguins : 2 - Vegas Golden Knights : 4.
2:23 of 3rd period - Sean Monahan wins face-off versus Leon Draisaitl in neutral zone.
2:25 of 3rd period - Off-side.
2:26 of 3rd period - Leon Draisaitl wins face-off versus Sean Monahan in neutral zone.
3:14 of 3rd period - Off-side.
3:15 of 3rd period - Tyler Bertuzzi wins face-off versus Phillip Danault in neutral zone.
3:29 of 3rd period - Jordan Eberle is hit by Reilly Smith and loses puck.
3:40 of 3rd period - Nikolaj Ehlers is hit by Leon Draisaitl and loses puck.
4:42 of 3rd period - Minor Penalty to Erik Karlsson for Holding.
4:43 of 3rd period - Jack Roslovic wins face-off versus Sam Reinhart in Pittsburgh Penguins zone.
4:54 of 3rd period - Snap shot by Jack Roslovic.
4:54 of 3rd period - Shot Misses the Net.
4:56 of 3rd period - Wrist shot by Jack Roslovic.
4:56 of 3rd period - Shot Blocked by J.J. Moser.
6:42 of 3rd period - Penalty to Erik Karlsson is over, Erik Karlsson is back on ice.
6:45 of 3rd period - Icing by J.J. Moser.
6:46 of 3rd period - Marc-Edouard Vlasic wins face-off versus Leon Draisaitl in Pittsburgh Penguins zone.
7:12 of 3rd period - Jack Roslovic is hit by Anders Lee and loses puck.
7:29 of 3rd period - Jordan Eberle is hit by Maxime Comtois and loses puck.
7:36 of 3rd period - Marc Staal is hit by Ryan Johansen and loses puck.
7:49 of 3rd period - Ryan Suter is hit by Tyler Bertuzzi and loses puck.
8:04 of 3rd period - Chris Kreider is hit by Jean-Gabriel Pageau and loses puck.
9:02 of 3rd period - Wrist shot by Ryan Johansen.
9:02 of 3rd period - Shot Misses the Net.
9:14 of 3rd period - Marc-Edouard Vlasic is hit by Ryan Suter.
9:26 of 3rd period - Nathan Legare is hit by Brian Dumoulin.
10:07 of 3rd period - Erik Gudbranson is hit by Shea Theodore and loses puck.
10:22 of 3rd period - Slapshot by Alex Chiasson.
10:22 of 3rd period - Stopped by Akira Schmid with a rebound.
10:28 of 3rd period - Alex Chiasson is hit by Colton Sissons and loses puck.
10:33 of 3rd period - Snap shot by Gabriel Vilardi.
10:33 of 3rd period - Shot Blocked by Shea Theodore.
10:35 of 3rd period - Wrist shot by Erik Gudbranson.
10:35 of 3rd period - Stopped by Alexandar Georgiev with a rebound.
11:05 of 3rd period - Shea Theodore is hit by J.J. Moser and loses puck.
11:22 of 3rd period - Minor Penalty to Erik Gudbranson for Hooking.
11:23 of 3rd period - Jack Roslovic wins face-off versus Sam Reinhart in Pittsburgh Penguins zone.
11:26 of 3rd period - Snap shot by Jack Roslovic.
11:26 of 3rd period - Stopped by Akira Schmid with a rebound.
11:28 of 3rd period - Slapshot by Marc Staal.
11:28 of 3rd period - Stopped by Akira Schmid without a rebound.
11:29 of 3rd period - Pavel Buchnevich wins face-off versus Jack Roslovic in Pittsburgh Penguins zone.
12:15 of 3rd period - Snap shot by Sam Reinhart.
12:15 of 3rd period - Shot Misses the Net.
13:22 of 3rd period - Penalty to Erik Gudbranson is over, Erik Gudbranson is back on ice.
14:44 of 3rd period - Minor Penalty to Ryan Suter for Roughing.
14:45 of 3rd period - Jack Roslovic wins face-off versus Leon Draisaitl in Pittsburgh Penguins zone.
14:52 of 3rd period - Wrist shot by Jack Roslovic.
14:52 of 3rd period - Shot Blocked by Erik Karlsson.
15:18 of 3rd period - Pavel Buchnevich is hit by Tyler Bertuzzi and loses puck.
16:44 of 3rd period - Penalty to Ryan Suter is over, Ryan Suter is back on ice.
16:52 of 3rd period - Icing by Leon Draisaitl.
16:53 of 3rd period - Sean Couturier wins face-off versus Leon Draisaitl in Pittsburgh Penguins zone.
16:56 of 3rd period - Wrist shot by Reilly Smith.
16:56 of 3rd period - Stopped by Akira Schmid without a rebound.
16:57 of 3rd period - Phillip Danault wins face-off versus Sean Couturier in Pittsburgh Penguins zone.
17:04 of 3rd period - Wrist shot by Phillip Danault.
17:04 of 3rd period - Shot Misses the Net.
17:06 of 3rd period - Snap shot by Ryan Johansen.
17:06 of 3rd period - Shot Blocked by Marc-Edouard Vlasic.
17:08 of 3rd period - Wrist shot by Jordan Eberle.
17:08 of 3rd period - Stopped by Alexandar Georgiev with a rebound.
17:10 of 3rd period - Slapshot by J.J. Moser.
17:10 of 3rd period - Shot Blocked by Jack Roslovic.
17:12 of 3rd period - Slapshot by Erik Gudbranson.
17:12 of 3rd period - Shot Blocked by Marc-Edouard Vlasic.
17:30 of 3rd period - Snap shot by Joe Pavelski.
17:30 of 3rd period - Deflect By Sean Monahan.
17:30 of 3rd period - Shot Misses the Net.
17:30 of 3rd period - Puck is out of play.
17:31 of 3rd period - Phillip Danault wins face-off versus Jordan Staal in Pittsburgh Penguins zone.
17:31 of 3rd period - Phillip Danault is hit by Roman Josi.
18:39 of 3rd period - Maxime Comtois is hit by Jordan Eberle and loses puck.
18:44 of 3rd period - Snap shot by Jordan Eberle.
18:44 of 3rd period - Deflect By Maxime Comtois.
18:44 of 3rd period - Stopped by Alexandar Georgiev with a rebound.
18:46 of 3rd period - Wrist shot by Ryan Suter.
18:46 of 3rd period - Shot Blocked by Marc Staal.
18:48 of 3rd period - Wrist shot by Jordan Eberle.
18:48 of 3rd period - Stopped by Alexandar Georgiev with a rebound.
19:42 of 3rd period - Wrist shot by Phillip Danault.
19:42 of 3rd period - Shot Blocked by Jack Roslovic.
Goals for this period are 1 for Pittsburgh Penguins vs 0 for Vegas Golden Knights.
Shots for this period are 7 for Pittsburgh Penguins vs 8 for Vegas Golden Knights.
Back to the Top